 Dungeon Crawl Stone Soup version bcrawl-1.32 (webtiles) character file.

Game seed: 8830938642174145224

308635 Morbidden the Slicer (level 10, -21/75 HPs)
             Began as a Demonspawn Archaeologist on June 20, 2021.
             Was a Priest of Okawaru.
             Demolished by an orc warrior
             ... wielding a +0 war axe
              (26 damage)
             ... on level 8 of the Dungeon.
             The game lasted 00:10:00 (7566 turns).

Morbidden the Slicer (Demonspawn Archaeologist)     Turns: 7566, Time: 00:10:00

Health: -21/75     AC: 22    Str: 15    XL:     10   Next: 12%
Magic:  12/12      EV: 15    Int: 15    God:    Okawaru [***...]
Gold:   644        SH:  4    Dex: 12    Spells: 9/9 levels left

rFire    + . .     SeeInvis .   a - +8 quick blade (freeze)
rCold    + . .     Gourm    .   c - -2 buckler (curse)
rNeg     . . .     Faith    .   E - +3 ring mail
rPois    .         Spirit   .   d - +1 hat
rElec    .         Reflect  .   (no cloak)
rCorr    .         Harm     .   (no gloves)
MR       .....                  r - +2 pair of boots
Stlth    +++++.....             q - amulet of magic regeneration
HPRegen  0.22/turn              o - ring of protection from fire
MPRegen  0.38/turn              A - ring of protection from cold

@: heroism, sanguine armour
A: horns 1, nightstalker 1, rot immunity, sanguine armour 2
a: Heroism, Renounce Religion


You were on level 8 of the Dungeon.
You worshipped Okawaru.
Okawaru was most pleased with you.
You were not hungry.

You visited 2 branches of the dungeon, and saw 9 of its levels.
You also visited: Ossuary.

You collected 644 gold pieces.

Inventory:

Hand Weapons
 a - a +8 quick blade of freezing (weapon)
 b - a +0 hunting sling
 n - a +0 blowgun
Missiles
 f - 6 curare-tipped needles
 x - 72 poisoned tomahawks
 C - 49 exploding tomahawks
 D - 227 poisoned needles
 I - 127 javelins (quivered)
 K - 754 sling bullets
Armour
 c - a cursed -2 buckler (worn)
 d - a +1 hat (worn)
 r - a +2 pair of boots (worn)
 E - a +3 ring mail (worn)
Jewellery
 o - a ring of protection from fire (left hand)
 q - an amulet of magic regeneration (around neck)
 y - an uncursed ring of magical power
 A - a ring of protection from cold (right hand)
 G - an uncursed ring of resist corrosion {unknown}
Wands
 H - a wand of random effects (8)
 O - a wand of polymorph (13)
Scrolls
 h - 4 scrolls of enchant armour
 i - 7 scrolls of identify
 j - 5 scrolls of fear
 l - 6 scrolls of teleportation
 w - a scroll of noise {unknown}
 B - 3 scrolls of remove curse
 J - a scroll of fog {unknown}
 M - a scroll of blinking {unknown}
Potions
 g - 3 potions of might {unknown}
 k - a potion of resistance {unknown}
 m - 8 potions of curing {unknown}
 p - a potion of magic {unknown}
 s - a potion of lignification {unknown}
 t - 3 potions of brilliance {unknown}
 u - 3 potions of heal wounds {unknown}
 v - a potion of cancellation {unknown}
 z - 3 potions of mutation {unknown}
 F - a potion of degeneration {unknown}
 L - 2 potions of flight {unknown}
 N - a potion of berserk rage
Comestibles
 e - 8 rations {!d}
 P - 2 chunks of flesh


   Skills:
 * Level 5.6(10.6) Fighting
 * Level 8.7(13.7) Short Blades
   Level 1.4(6.4) Maces & Flails
 + Level 1.6(6.6) Slings
 + Level 0.1(6.0) Throwing
 + Level 2.3(7.3) Armour
 * Level 6.2(11.2) Dodging
 + Level 5.4(10.4) Stealth
 * Level 2.7(7.7) Shields
 * Level 3.7 Invocations


You had 9 spell levels left.
You didn't know any spells.
Your spell library contained the following spells:

 Spells                   Type           Power        Failure   Level  Hunger
 Corona                   Hex            #......      63%         1    None
 Shackle                  Hex            #.......     77%         2    ####...
 False Image              Hex/Summ       #.......     94%         3    #####..
 Inner Flame              Hex/Fire       N/A          94%         3    #####..
 Cause Fear               Hex            #.........   100%        4    ######.
 Yara's Violent Unravell  Hex/Tmut       #.........   100%        4    ######.


Dungeon Overview and Level Annotations

Branches:
Dungeon (8/12)             Temple (1/1) D:5             Orc (0/1) D:8
   Lair: D:7-9

Altars:
Ashenzari
Elyvilon
Gozag
Hepliaklqana
Kikubaaqudgha
Okawaru
Qazlal
Sif Muna
Vehumet
Wu Jian
Zin

Shops:
D:5 ?


Innate Abilities, Weirdness & Mutations

You have a pair of small horns on your head.
You are slightly more attuned to the shadows.
You are immune to rotting.
When seriously injured, your bleeding wounds create thick armour. (AC +9)


Message History

You headbutt the orc warrior, but do no damage.
The orc warrior is almost dead.
The orc warrior hits you with a +0 war axe!!
Your blood congeals into armour.
The orc warrior drinks a potion.
The orc warrior goes berserk!
You are too injured to fight recklessly!
You are too injured to fight recklessly!
You are too injured to fight recklessly!
You are too injured to fight recklessly!
The orc warrior hits you with a +0 war axe!
A centaur comes into view.
The orc warrior rages.
The orc warrior drinks a potion.
The orc warrior goes berserk!
The orc warrior hits you but does no damage.
The orc warrior rages.
You hear a shout!
The orc warrior hits you with a +0 war axe!!
* * * LOW HITPOINT WARNING * * *
The orc warrior hits you with a +0 war axe!!
You die...

#.c....#...##.###... #.
##...(...........#...
##.####....##...#..........
#..#..c..#####..##......##.
#.....oO###....###.......#. ##
#........#....#.......##..
###.####..#...o...........## #.
#....#....#..oo.....####..# #.
##............@...... ##.##...
#...รท...............## #......
###.##...###.#.......####.#####
## ###.######.^.........#
###..#.###..####.##.#.#
#............ #.####.#
##...#......# ##....#.#
#####...#.####..#....#
##..##.#....###...#


You could see 4 orc warriors, an ogre and a centaur.

Vanquished Creatures
  Pikel (D:6)
  A centaur skeleton (D:7)
  Prince Ribbit (D:6)
  2 hippogriffs
  Menkaure (D:5)
  Duvessa (D:4)
  A hornet zombie (Ossuary)
  An orc warrior (D:4)
  3 sky beasts
  2 ogres
  4 centaurs
  A bullfrog (D:6)
  2 water moccasin zombies (Ossuary)
  2 scorpions
  4 killer bees (D:7)
  4 wights (D:7)
  3 howler monkeys
  A crimson imp (D:4)
  2 bullfrog zombies (Ossuary)
  A centaur zombie (Ossuary)
  A quasit (D:6)
  2 bullfrog skeletons
  4 hounds
  An orc priest (D:8)
  An orc wizard (D:4)
  11 mummies (Ossuary)
  3 iguanas
  5 worker ants
  A killer bee zombie (Ossuary)
  A hound zombie (Ossuary)
  A hound skeleton (D:3)
  3 howler monkey zombies
  4 worker ant zombies (Ossuary)
  5 adders
  4 gnolls
  5 oozes
  3 adder zombies
  3 worms
  3 dart slugs
  3 leopard geckos
  17 orcs
  A ball python (D:2)
  3 goblins
  9 hobgoblins
  8 jackals
  5 kobolds
  3 quokkas
  3 bats (D:2)
  A jackal skeleton (D:4)
  2 jackal zombies
  A quokka zombie (Ossuary)
  5 rats
  A plant (D:3)
161 creatures vanquished.

Vanquished Creatures (others)
  A slave (D:6)
  2 withered plants (Ossuary)
3 creatures vanquished.

Grand Total: 164 creatures vanquished

Notes
Turn   | Place    | Note
-------+----------+-------------------------------------------
     0 | D:1      | Morbidden the Demonspawn Archaeologist began the quest for
                  | the Orb.
     0 | D:1      | Reached XP level 1. HP: 15/15 MP: 1/1
   311 | D:1      | Got a slimy golden ring
   312 | D:1      | Identified the ring of Cosmuynnuse {Ice *Slow MR+ Int+4}
                  | (You found it on level 1 of the Dungeon)
   466 | D:1      | Gained mutation: You have a pair of small horns on your
                  | head. [demonic ancestry]
   466 | D:1      | Reached XP level 2. HP: 15/21 MP: 2/2
   640 | D:1      | Reached skill level 1 in Maces & Flails
   919 | D:1      | Reached XP level 3. HP: 19/26 MP: 3/3
  1991 | D:3      | Gained mutation: When seriously injured, your bleeding
                  | wounds create armour. (AC +9) [demonic ancestry]
  1991 | D:3      | Reached XP level 4. HP: 32/32 MP: 4/4
  2068 | D:3      | Reached skill level 1 in Short Blades
  2379 | D:3      | Noticed a centaur
  2386 | D:3      | Gained mutation: You are slightly more attuned to the
                  | shadows. [demonic ancestry]
  2386 | D:3      | Reached XP level 5. HP: 36/37 MP: 5/5
  2386 | D:3      | Identified a scroll of acquirement
  2392 | D:3      | Killed a centaur
  2393 | D:3      | Reached skill level 1 in Slings
  2401 | D:3      | Identified the +2 hat of the Nightingale {MR+ Int-2 Dex+2
                  | Stlth+} (You acquired it on level 3 of the Dungeon)
  2401 | D:3      | Identified the amulet of Joasysas {Rage rElec MR- Int+2}
                  | (You acquired it on level 3 of the Dungeon)
  2493 | D:3      | Reached skill level 2 in Short Blades
  3116 | D:4      | Gained mutation: You are immune to rotting. [demonic
                  | ancestry]
  3116 | D:4      | Reached XP level 6. HP: 31/44 MP: 6/6
  3180 | D:4      | Found a sand-covered staircase.
  3189 | Ossuary  | Entered an ossuary
  3254 | Ossuary  | Reached skill level 3 in Short Blades
  3292 | Ossuary  | Reached XP level 7. HP: 17/51 MP: 7/7
  3609 | Ossuary  | Reached skill level 4 in Short Blades
  3617 | Ossuary  | Reached skill level 5 in Dodging
  3909 | D:4      | Reached skill level 5 in Short Blades
  3918 | D:4      | Reached XP level 8. HP: 47/58 MP: 8/8
  4348 | D:4      | Noticed Duvessa
  4359 | D:4      | Killed Duvessa
  4360 | D:4      | Reached skill level 6 in Short Blades
  4858 | D:5      | Entered Level 5 of the Dungeon
  5117 | D:5      | Found a radiant altar of Vehumet.
  5198 | D:5      | Found Naokow's Magic Scroll Emporium.
  5208 | D:5      | Reached skill level 1 in Armour
  5335 | D:5      | Reached skill level 7 in Short Blades
  5377 | D:5      | Noticed Menkaure
  5383 | D:5      | Killed Menkaure
  5526 | D:5      | Found a staircase to the Ecumenical Temple.
  5590 | Temple   | Entered the Ecumenical Temple
  5851 | Temple   | Became a worshipper of Warmaster Okawaru
  5957 | D:6      | Noticed a hippogriff
  5971 | D:6      | Killed a hippogriff
  5972 | D:6      | Reached skill level 1 in Shields
  5972 | D:6      | Gained mutation: When seriously injured, your bleeding
                  | wounds create thick armour. (AC +9) [demonic ancestry]
  5972 | D:6      | Reached XP level 9. HP: 65/65 MP: 9/9
  6031 | D:6      | Reached skill level 1 in Invocations
  6142 | D:6      | Reached skill level 5 in Stealth
  6190 | D:6      | Noticed Prince Ribbit
  6200 | D:6      | Killed Prince Ribbit
  6200 | D:6      | Reached * piety under Okawaru
  6306 | D:6      | Noticed Pikel
  6322 | D:6      | Killed Pikel
  6323 | D:6      | Reached skill level 5 in Fighting
  6323 | D:6      | Reached skill level 8 in Short Blades
  6391 | D:6      | Reached ** piety under Okawaru
  6954 | D:7      | Reached XP level 10. HP: 68/74 MP: 12/12
  7080 | D:7      | Reached *** piety under Okawaru
  7547 | D:8      | Found a staircase to the Orcish Mines.
  7566 | D:8      | Demolished by an orc warrior

Skill      XL: |  1  2  3  4  5  6  7  8  9 |
---------------+----------------------------+-----
Dodging        | 3 4 5 6 |  6.2
Maces & Flails | 1 |  1.4
Short Blades   | 1 2 3 5 7 8 |  8.7
Slings         | 1 |  1.6
Fighting       | 2 3 4 5 |  5.6
Stealth        | 4 5 |  5.4
Armour         | 1 2 |  2.3
Shields        | 1 2 |  2.7
Invocations    | 3 |  3.7
Throwing       | |  0.1

Action                   |  1- 3 |  4- 6 |  7- 9 | 10-12 || total
-------------------------+-------+-------+-------+-------++-------
Melee: Whip              |    59 |       |       |       ||    59
       Headbutt          |    15 |    50 |    52 |     4 ||   121
       Dagger            |    79 |   107 |       |       ||   186
       Quick blade       |       |   138 |   333 |    32 ||   503
 Fire: Hunting sling     |    22 |       |     7 |    11 ||    40
Throw: Stone             |       |       |     2 |       ||     2
Invok: Heroism           |       |       |       |     1 ||     1
  Use: Scroll            |     1 |     7 |     7 |       ||    15
 Stab: Sleeping          |     8 |     5 |    10 |     1 ||    24
       Distracted        |       |       |     1 |       ||     1
  Eat: Chunk             |     6 |     8 |     7 |     3 ||    24
       Ration            |       |       |     2 |       ||     2
Armor: Robe              |    32 |    40 |    13 |       ||    85
       Ring mail         |       |       |    44 |     8 ||    52
Dodge: Dodged            |    75 |   100 |    89 |    15 ||   279
Block: Buckler           |       |       |     5 |     4 ||     9
